Map: [TLMC9] Catalyst

Players

Kaszanas

  • Race: Protoss Protoss
  • League: Diamond
  • Spawn Location: 5:00

IIIIIIIIIIII - Winner!

  • Race: Protoss Protoss
  • Spawn Location: 11:00

VOD

Have the link to the VOD?

Description

Time

  • Played on: Nov. 2, 2017, 12:43 p.m.
  • Length: 9:46
Show
View Real Time Build Order
Export as new Build Order

Kaszanas Protoss 

Build Orders: Oracle Opening 

Get SALT Encoding   

  12  0:01  Probe (Chrono Boost)  
  13  0:07  Probe (Chrono Boost)  
  14  0:17  Pylon  
  14  0:23  Probe (Chrono Boost)  
  16  0:37  Probe (Chrono Boost)  
  16  0:38  Gateway  
  16  0:44  Assimilator  
  16  0:49  Probe (Chrono Boost)  
  17  1:01  Probe (Chrono Boost)  
  17  1:03  Assimilator  
  18  1:09  Probe (Chrono Boost)  
  18  1:12  Gateway  
  18  1:15  Probe (Chrono Boost)  
  20  1:29  Cybernetics Core  
  20  1:30  Probe (Chrono Boost)  
  21  1:38  Pylon  
  21  1:43  Probe (Chrono Boost)  
  22  2:05  Adept x2  
  22  2:07  Stargate  
  26  2:14  Warp Gate  
  26  2:32  Stalker x2  
  26  2:35  Pylon  
  30  2:51  Oracle  
  30  2:58  Nexus  
  32  3:33  Stalker x2  
  36  3:36  Pylon  
  36  3:41  Oracle  
  39  4:09  Probe (Chrono Boost)  
  40  4:15  Probe (Chrono Boost)  
  41  4:21  Probe (Chrono Boost)  
  42  4:25  Stalker x2  
  42  4:27  Probe (Chrono Boost)  
  48  4:33  Probe (Chrono Boost)  
  48  4:37  Unknown  
  49  4:39  Probe (Chrono Boost)  
  49  4:41  Unknown  
  49  4:45  Probe (Chrono Boost)  
  50  4:46  Probe (Chrono Boost)  
  50  4:49  Phoenix  
  53  4:57  Probe (Chrono Boost)  
  54  5:13  Stalker x2  
  52  5:18  Robotics Facility  
  52  5:19  Probe x2 (Chrono Boost)  
  52  5:25  Probe (Chrono Boost)  
  52  5:26  Probe (Chrono Boost)  
  54  5:34  Pylon  
  56  5:38  Probe x2 (Chrono Boost)  
  56  5:41  Stalker x2  
  62  5:50  Pylon  
  62  5:52  Pylon  
  62  5:54  Probe x2 (Chrono Boost)  
  64  6:04  Gateway  
  64  6:06  Gateway  
  64  6:14  Immortal  
  66  6:19  Assimilator  
  66  6:23  Sentry  
  66  6:24  Sentry  
  74  6:54  Immortal  
  74  6:57  Nexus  
  74  7:05  Probe x2 (Chrono Boost)  
  76  7:11  Stalker x3  
  82  7:16  Probe (Chrono Boost)  
  82  7:17  Twilight Council, Probe (Chrono Boost)  
  82  7:19  Forge  
  84  7:23  Assimilator, Probe x2 (Chrono Boost)  
  86  7:34  Pylon  
  86  7:38  Pylon  
  86  7:43  Observer  
  86  7:52  Oracle  
  86  7:54  Probe (Chrono Boost)  
  92  8:00  Probe (Chrono Boost)  
  93  8:06  Probe (Chrono Boost)  
  93  8:10  Immortal  
  93  8:12  Probe (Chrono Boost)  
  100  8:20  Probe (Chrono Boost)  
  100  8:21  Probe (Chrono Boost)  
  100  8:24  Probe (Chrono Boost)  
  101  8:31  Oracle  
  101  8:33  Probe x2 (Chrono Boost)  
  106  8:36  Probe (Chrono Boost)  
  103  9:05  Stalker x4  
  111  9:16  Assimilator  
  115  9:17  Assimilator  
  115  9:23  Probe x2 (Chrono Boost)  
  117  9:26  Probe (Chrono Boost)  
  94  9:35  Probe x2 (Chrono Boost)  
  82  9:39  Stalker x4  
Show
View Real Time Build Order
Export as new Build Order

IIIIIIIIIIII Protoss - Winner!

Build Orders:  

Get SALT Encoding   

  1  0:00  Probe (Chrono Boost)  
  12  0:04  Probe (Chrono Boost)  
  14  0:16  Probe (Chrono Boost)  
  14  0:21  Pylon  
  15  0:27  Assimilator  
  15  0:39  Gateway  
  16  0:43  Probe (Chrono Boost)  
  16  0:55  Probe (Chrono Boost)  
  17  1:02  Gateway  
  17  1:04  Probe (Chrono Boost)  
  17  1:10  Probe (Chrono Boost)  
  19  1:21  Probe (Chrono Boost)  
  20  1:26  Cybernetics Core  
  21  1:33  Probe (Chrono Boost)  
  21  1:39  Pylon  
  21  1:46  Probe (Chrono Boost)  
  22  1:58  Probe (Chrono Boost)  
  23  2:02  Stalker x2  
  28  2:10  Probe (Chrono Boost)  
  28  2:18  Nexus  
  28  2:26  Pylon  
  28  2:32  Stalker  
  29  2:40  Stalker  
  31  2:45  Assimilator  
  31  2:47  Warp Gate  
  31  2:49  Probe (Chrono Boost)  
  32  3:01  Probe (Chrono Boost)  
  32  3:02  Stalker  
  35  3:12  Stalker  
  36  3:13  Probe (Chrono Boost)  
  36  3:23  Stalker  
  36  3:25  Probe (Chrono Boost)  
  41  3:35  Stalker  
  41  3:37  Probe x2 (Chrono Boost)  
  47  3:49  Probe x2 (Chrono Boost)  
  47  3:53  Stalker  
  49  4:01  Probe x2 (Chrono Boost)  
  51  4:04  Stalker  
  53  4:13  Probe (Chrono Boost)  
  53  4:15  Pylon  
  54  4:28  Nexus  
  54  4:34  Probe x2 (Chrono Boost)  
  56  4:43  Robotics Facility  
  58  4:46  Probe x2 (Chrono Boost)  
  58  4:51  Pylon, Sentry  
  58  4:52  Sentry  
  61  5:00  Probe (Chrono Boost)  
  61  5:01  Probe (Chrono Boost)  
  60  5:12  Probe (Chrono Boost)  
  60  5:13  Probe (Chrono Boost)  
  60  5:19  Stalker  
  62  5:22  Stalker  
  62  5:24  Probe (Chrono Boost)  
  62  5:25  Probe (Chrono Boost)  
  62  5:28  Assimilator  
  66  5:30  Assimilator  
  67  5:36  Probe (Chrono Boost)  
  67  5:37  Probe (Chrono Boost)  
  67  5:40  Observer  
  67  5:48  Probe x2 (Chrono Boost)  
  68  5:50  Probe (Chrono Boost)  
  68  5:55  Gateway  
  68  5:56  Gateway  
  68  6:00  Probe x2 (Chrono Boost)  
  68  6:01  Gateway  
  68  6:03  Gateway  
  70  6:05  Gateway  
  70  6:08  Immortal  
  74  6:23  Probe x3 (Chrono Boost)  
  77  6:26  Stalker x2  
  81  6:35  Probe x3 (Chrono Boost)  
  84  6:43  Assimilator x2  
  84  6:45  Pylon  
  85  6:47  Pylon, Probe (Chrono Boost)  
  85  6:51  Immortal  
  85  7:05  Pylon, Probe x3 (Chrono Boost)  
  85  7:06  Pylon  
  92  7:09  Pylon  
  92  7:10  Pylon  
  92  7:13  Sentry x4  
  101  7:17  Probe (Chrono Boost)  
  101  7:20  Immortal  
  101  7:25  Probe x2 (Chrono Boost)  
  101  7:29  Probe (Chrono Boost)  
  104  7:34  Nexus  
  104  7:36  Pylon  
  110  7:37  Probe x2 (Chrono Boost)  
  110  7:38  Pylon  
  110  7:41  Probe (Chrono Boost)  
  110  7:44  Forge  
  111  7:47  Twilight Council  
  111  7:48  Immortal  
  111  7:49  Probe x2 (Chrono Boost)  
  113  7:53  Probe (Chrono Boost)  
  114  8:01  Probe x2 (Chrono Boost)  
  114  8:02  Sentry x3  
  114  8:04  Stalker  
  129  8:05  Probe (Chrono Boost)  
  131  8:13  Probe x2 (Chrono Boost)  
  131  8:17  Stalker x2, Probe (Chrono Boost)  
  131  8:19  Sentry  
  137  8:22  Immortal  
  137  8:25  Probe (Chrono Boost)  
  137  8:26  Probe (Chrono Boost)  
  139  8:27  Pylon  
  139  8:30  Pylon, Probe (Chrono Boost)  
  144  8:51  Stalker  
  144  8:52  Sentry  
  144  8:53  Nexus  
  142  8:55  Stalker  
  142  8:56  Pylon  
  142  8:57  Pylon  
  146  9:03  Probe x2 (Chrono Boost)  
  146  9:04  Immortal  
  146  9:11  Stalker x2  
  146  9:12  Stalker x2, Probe x2 (Chrono Boost)  
  146  9:15  Probe (Chrono Boost)  
  161  9:20  Probe (Chrono Boost)  
  164  9:24  Probe x2 (Chrono Boost)  
Tags
 
League
Diamond
Matchup
PvP
Spawn Locations
Cross Positions
Add a new tag
Caveats
  • Supply blocks, unpowered buildings, or Contaminate may cause inaccurate times.
  • Supply counts are checked every 10 seconds.